archack, lawful male human Archeologist -- .. --.---- ..-- |.....-- -.-- |..*...---- |..-- --.|......-----..-- ----......|.--...-- |....<.......... --.........%......- ---...........%......| |...|.....--.........| |..---....--.......(.#--- ---- --..)................ ..................... .|..............@.... ---.......y....G....- |.................| |.................----- -.....---............. -.- - |..|..-----#-- ------- archack the Field Worker Experience level: 5 Strength: 12 Dexterity: 8 Constitution: 11 Intelligence: 16 Wisdom: 18 Charisma: 10 Health: 0(43) Energy: 19(19) Def: 1 Gold: 400 Moves: 1779 Dungeon seed: sqdyCLSHFqTvRDVg Game ID: archack_1460734732 Your Inventory: Coins $ - 400 gold pieces Amulets u - an uncursed amulet versus poison (being worn) Weapons a - an uncursed +2 bullwhip (weapon in hand) i - an uncursed +0 boomerang C - 4 uncursed +0 daggers G - 12 uncursed +0 darts (in quiver) O - an uncursed +0 crossbow P - an uncursed +0 crossbow Q - 39 uncursed +0 crossbow bolts T - an uncursed +0 crossbow Armor e - an uncursed +0 leather jacket (being worn) n - an uncursed +0 fedora (being worn) Comestibles b - 5 uncursed food rations k - 2 uncursed fortune cookies l - 2 uncursed sprigs of wolfsbane Wands d - an uncursed wand of light (0:11) x - an uncursed wand of speed monster (0:3) Tools c - an uncursed +0 pick-axe f - an uncursed tinning kit (0:70) h - an uncursed tin opener v - an uncursed brass lantern (lit) (0:674) A - 3 uncursed tallow candles (0:200) B - an uncursed sack D - 6 blessed wax candles (0:400) F - a blessed magic lamp H - a cursed tallow candle (0:200) Gems q - an uncursed touchstone r - an uncursed aquamarine stone y - an uncursed worthless piece of yellowish brown glass Contents of the sack: 36 gold pieces an uncursed scroll of identify an uncursed scroll of remove curse 2 uncursed scrolls of scare monster an uncursed spellbook of blank paper an uncursed potion of extra healing a cursed potion of extra healing an uncursed wand of polymorph (0:6) Spells and supernatural/magical abilities: Name Level Category Fail Memory W - pray for help -- divine ? -- Your skills at the end: Miscellaneous Skills wands [Basic] Weapon Skills pick-axe [Basic] boomerang [Basic] whip [Basic] Spellcasting Skills Final Attributes: You were fervently aligned. You were poison resistant. You were stealthy. You were fast. You are dead. Vanquished creatures: a bugbear a shrieker 3 gnome lords an elf zombie a kitten a gas spore 3 geckos 9 gnomes a jackal a fox 2 kobolds 3 newts a goblin 2 sewer rats 8 grid bugs a lichen 39 creatures vanquished. Voluntary challenges: You used a wielded weapon 70 times, starting on turn 61. You did not apply a unicorn horn. You read items or engraved 7 times, starting on turn 1123. You never genocided any monsters. You never polymorphed an object. You never changed form. You used no wishes. You never split a pudding. You wrote Elbereth's name 7 times, starting on turn 1123. You never violated your personal moral code. Dungeon overview: The Dungeons of Doom: levels 1 to 5 Level 1 a fountain a long staircase Level 2 a scroll shop Level 3 a fountain, a sink Level 4 an altar to Camaxtli, some fountains, a sink stairs to The Gnomish Mines Level 5 The Gnomish Mines: levels 5 to 6 Level 5 stairs to The Dungeons of Doom Level 6 <- You were here History has recorded: On T:1 you entered the Dungeons of Doom to retrieve the Amulet of Yendor! On T:57 you reached level 2 of The Dungeons of Doom. On T:315 you reached level 3 of The Dungeons of Doom. On T:729 you reached level 4 of The Dungeons of Doom. On T:786 you advanced to experience level 2. On T:1041 you reached level 1 of The Gnomish Mines. On T:1062 you advanced to experience level 3. On T:1103 you advanced to experience level 4. On T:1357 you reached level 2 of The Gnomish Mines. On T:1516 you reached level 5 of The Dungeons of Doom. On T:1615 you advanced to experience level 5. Score breakdown: Gold: 436 ( 43 points) Experience: 5 levels ( 400 points) Exploration: 6 levels ( 150 points) Discoveries: 3 items ( 150 points) Variety of kills: 16 monsters ( 800 points) Major goal: (nothing yet) ( 0 points) Survival: died (score multiplied by 3) Total score: 4629 Latest messages: A green gem lands on the altar. Your movements are now unencumbered. The gnome lord zaps a jeweled wand! The magic missile hits you! You die... Final status: Goodbye archack the Archeologist, killed by a magic missile... You died in The Gnomish Mines on dungeon level 6 with 4629 points, and 436 pieces of gold, after 1779 moves. You were level 5 with a maximum of 43 hit points when you died.